 Dungeon Crawl Stone Soup version 0.23-a0-49-gd9f7a49 (webtiles) character file.

133 iamserjio the Chopper (level 5, -1/50 HPs)
             Began as a Naga Berserker on Aug 6, 2018.
             Was a Believer of Trog.
             Slain by an orc priest (2 damage)
             ... on level 4 of the Dungeon.
             The game lasted 00:05:42 (983 turns).

iamserjio the Chopper (Naga Berserker)               Turns: 983, Time: 00:05:43

Health: -1/50      AC:  2    Str: 19    XL:     5   Next: 16%
Magic:  5/5        EV:  7    Int:  9    God:    Trog [**....]
Gold:   142        SH:  7    Dex: 10    Spells: 4/4 levels left

rFire    . . .     SeeInvis +   a - +0 hand axe
rCold    . . .     Gourm    .   s - +0 shield
rNeg     . . .     Faith    .   b - +0 animal skin
rPois    +         Spirit   .   (no helmet)
rElec    .         Reflect  .   (no cloak)
rCorr    .         Harm     .   (no gloves)
MR       .....                  (no barding)
Stlth    ++........             (no amulet)
HPRegen  0.16/turn              (no ring)
MPRegen  0.09/turn              (no ring)

@: berserk cooldown, hasted and slowed, very slow
A: large, see invisible, deformed body, poison resistance, slowness 2, slow
metabolism 1, spit poison 1, AC +1
a: Spit Poison, Berserk, Trog's Hand, Renounce Religion


You were on level 4 of the Dungeon.
You worshipped Trog.
Trog was pleased with you.
You were not hungry.

You visited 1 branch of the dungeon, and saw 4 of its levels.

You collected 142 gold pieces.

Inventory:

Hand Weapons
 a - a +0 hand axe (weapon)
 h - a +0 hunting sling
Missiles
 i - 67 stones (quivered)
 q - 4 tomahawks
Armour
 b - a +0 animal skin (worn)
 r - a +0 chain mail
 s - a +0 shield (worn)
 t - a +0 ring mail
Wands
 m - a wand of flame (21)
Scrolls
 d - a scroll of random uselessness {unknown}
 e - 2 scrolls of magic mapping {unknown}
 g - 2 scrolls of enchant weapon {unknown}
 l - a scroll of remove curse {unknown}
 o - 5 scrolls of identify {unknown}
 p - a scroll of blinking {unknown}
Potions
 f - a potion of agility {unknown}
 j - a potion of curing {@q1}
 k - a potion of haste
 n - a potion of invisibility {unknown}
Comestibles
 c - 3 rations


   Skills:
 + Level 3.7 Fighting
 * Level 4.4 Axes
 - Level 1.5 Armour
 - Level 1.5 Dodging
 + Level 3.2 Stealth
 + Level 0.8 Shields


You had 4 spell levels left.
You didn't know any spells.
Your spell library was empty.

Dungeon Overview and Level Annotations

Branches:
Dungeon (4/15)
 Temple: D:4-7

Altars:
Cheibriados
Dithmenos
Elyvilon
Sif Muna


Innate Abilities, Weirdness & Mutations

You cannot wear boots.
Your serpentine skin is tough. (AC +1)
You have supernaturally acute eyesight. (SInv)
Armour fits poorly on your strangely shaped body.
Your system is resistant to poisons. (rPois)
You cover ground very slowly.
You have a slow metabolism.
You can spit poison.


Message History

The orc wizard seems to speed up.
The orc hits you with a dagger.
The orc shouts!
Okay, then.
You closely miss the orc priest. You closely miss the orc wizard.
You hit the orc. The orc wizard hits you with a dagger.
* * * LOW HITPOINT WARNING * * *
The orc hits you with a dagger.
* * * LOW HITPOINT WARNING * * *
You block the orc priest's attack. The orc wizard barely misses you.
The orc completely misses you. The orc hits you but does no damage.
You block the orc priest's attack. The orc wizard barely misses you.
It was a potion of haste.
You feel yourself speed up.
The worker ant twitches its antennae in your direction.
The orc wizard hits you but does no damage.
The orc hits you from afar with a trident.
* * * LOW HITPOINT WARNING * * *
The orc hits you with a dagger.
* * * LOW HITPOINT WARNING * * *
The orc priest hits you.
You die...

..... ≈≈≈ ......
.≈.≈≈≈ .......
.≈≈P≈≈ ........
.P≈≈≈P
.....aw####..≈≈≈≈
....[o......≈≈≈≈
#....oo....≈≈≈≈
#....o@)...P≈≈.
#....Z....≈≈≈≈≈
#..........≈≈≈≈
#..........≈≈≈≈
#.........≈≈≈≈.
#.........≈≈≈≈≈
#####....≈≈≈≈≈≈
###...≈≈≈≈≈
#...≈≈≈≈≈


You could see a worker ant, an orc priest, an orc wizard, a dart slug, 2 orcs
and a jackal skeleton.

Vanquished Creatures
  2 orc wizards (D:4)
  3 adders
  An ooze (D:3)
  3 dart slugs
  3 orcs (D:4)
  A giant cockroach (D:3)
  5 goblins
  4 hobgoblins
  6 kobolds
  2 ball pythons (D:2)
  2 bats (D:1)
  3 frilled lizards
  6 rats
41 creatures vanquished.

Notes
Turn   | Place    | Note
-------+----------+-------------------------------------------
     0 | D:1      | iamserjio the Naga Berserker began the quest for the Orb.
     0 | D:1      | Reached XP level 1. HP: 21/21 MP: 1/1
    59 | D:1      | Reached skill level 1 in Stealth
    73 | D:1      | Reached XP level 2. HP: 14/28 MP: 2/2
   292 | D:2      | Found a deep blue altar of Sif Muna.
   317 | D:2      | Found a white marble altar of Elyvilon.
   387 | D:2      | Reached XP level 3. HP: 23/34 MP: 3/3
   393 | D:2      | Found a snail-covered altar of Cheibriados.
   401 | D:2      | Reached ** piety under Trog
   406 | D:2      | Found a shadowy altar of Dithmenos.
   717 | D:3      | Found a faded altar of an unknown god.
   969 | D:4      | Reached skill level 4 in Axes
   969 | D:4      | Reached XP level 4. HP: 41/42 MP: 4/4
   975 | D:4      | Reached XP level 5. HP: 17/50 MP: 5/5
   983 | D:4      | HP: 1/50 [orc/dagger (4)]
   983 | D:4      | Slain by an orc priest

Vault maps used:
D:1:      saegor_arrival_simple_c, minmay_splitting_lines
D:2:      lemuel_round_altar, overflow_temple_1_default, minitemple,
          serial_forest, infiniplex_forest_lined_3,
          infiniplex_forest_lined_room_, infiniplex_forest_zigzag_2,
          infiniplex_forest_clump_small, infiniplex_forest_clump_cross,
          infiniplex_forest_clump_large, infiniplex_forest_straight_3,
          infiniplex_forest_lined_1, hangedman_decor_growths, uniq_sigmund
D:3:      chequers_ecumenical_altar_simple, uniq_crazy_yiuf_cottage
D:4:      minmay_temple_entry_glassed_door, first_ration, portal_sewer_entry_d,
          chequers_big_river, nicolae_ru_the_path_less_chosen,
          uniq_blork_the_orc, uniq_duvessa

Skill      XL: |  1  2  3  4 |
---------------+-------------+-----
Stealth        | 1 2 3 |  3.2
Axes           | 4 |  4.4
Fighting       | |  3.7
Armour         | |  1.5
Dodging        | |  1.5
Shields        | |  0.8

Action                   |  1- 3 |  4- 6 || total
-------------------------+-------+-------++-------
Melee: Hand axe          |    90 |    10 ||   100
Invok: Berserk           |     3 |       ||     3
 Abil: Spit Poison       |     4 |       ||     4
  Use: Potion            |       |     2 ||     2
  Eat: Chunk             |     1 |       ||     1
       Ration            |       |     1 ||     1
Armor: Animal skin       |    14 |     2 ||    16
Dodge: Dodged            |    60 |     7 ||    67
Block: Shield            |    10 |     9 ||    19

Table legend:
 A = Spawn XP
 B = Non-spawn XP
 C = Spawn XP percentage of total XP
 D = Spawn monster count
 E = Non-spawn monster count
 F = Spawn count percentage of total count
 G = Total turns spent on level
                    A         B        C        D         E        F      G
               +---------+---------+-------+---------+---------+-------+---------
         Total |       0 |     191 |   0.0 |       0 |      41 |   0.0 |   983
               +---------+---------+-------+---------+---------+-------+---------
           D:1 |       0 |      27 |   0.0 |       0 |      14 |   0.0 |   331
           D:2 |       0 |      26 |   0.0 |       0 |      10 |   0.0 |   287
           D:3 |       0 |      22 |   0.0 |       0 |      10 |   0.0 |   335
           D:4 |       0 |     116 |   0.0 |       0 |       7 |   0.0 |    30
               +---------+---------+-------+---------+---------+-------+---------
